cohdb
Replays
Latest Replays
All Replays
Popular Replays
Top Player Replays
Match Explorer
How It Works
Community
CoH3 Stats
Reddit
Sign in to upload your games and track your stats! →
Sign in with Steam
Match 42407330
Unlisted
Match 42407330
Overview
Messages
Build Orders
End
Construct Infanterie Kompanie
Pioneer Squad
Grenadier Squad
Selects Breakthrough Battlegroup
Selects Assault Grenadiers
MG 42 Machine Gun Team
Grenadier Squad
GrW 34 Mortar Team
Infanterie Officer Quarters
Construct Luftwaffe Kompanie
Jäger Squad
Selects Breakthrough
Selects Mechanized Assault Group
Mechanized Assault Group
Support Elements
Wirbelwind Flakpanzer
Jäger Squad
Selects Rapid Production
Selects Blitzkrieg
Medical Bunker
Wirbelwind Flakpanzer
Jäger Squad
Selects Tiger Heavy Tank
Luftwaffe Officer Quarters
Repair Bunker
Blitzkrieg
Tiger Heavy Tank
MG 42 Machine Gun Team
Jäger Squad
Wirbelwind Flakpanzer
Marder III M Tank Destroyer
Jäger Squad
Zio Cerotto
Vinterkorge
Bish Bash Bosh
gicobiwolfe
0
0
Comments
sign in to comment!
No comments posted yet!